 Dungeon Crawl Stone Soup version 0.30-a0-1053-gbd8d5ba0ad (webtiles) character file.

Game seed: 15324895805574913285

17696 retardedninja the Fighter (level 12, -3/106 HPs)
             Began as a Naga Fighter on Apr 6, 2023.
             Was a High Priest of Hepliaklqana.
             Killed from afar by Jorgrun (29 damage)
             ... with an iron shot
             ... on level 12 of the Dungeon on Apr 11, 2023.
             The game lasted 00:22:26 (16995 turns).

retardedninja the Fighter (Naga Fighter)           Turns: 16995, Time: 00:22:27

Health: -3/106     AC: 27    Str: 22    XL:     12   Next: 50%
Magic:  12/12      EV:  7    Int: 14    God:    Hepliaklqana [*****.]
Gold:   203        SH:  6    Dex: 10    Spells: 11/11 levels left

rFire   . . .      SeeInvis +    a - +0 war axe (heavy)
rCold   . . .      Faith    .    c - +0 buckler
rNeg    + . .      Spirit   .    G - +1 plate armour
rPois   +          Reflect  .    q - +0 helmet of Daisies {rElec rCorr Int+3}
rElec   +          Rampage  .    o - +0 cloak
rCorr   +                        N - +2 pair of gloves
Will    +....                    B - +2 barding Stlth
                                 (no amulet)
HPRegen 0.37/turn                t - +5 ring of evasion
MPRegen 0.13/turn                s - ring of positive energy

@: very slow
A: reduced essence, AC +4, large, see invisible, deformed body, poison
resistance, slowness 2, spit poison 1, naga tail 1
a: Spit Poison, Renounce Religion, Recall Ancestor, Ancestor Identity,
Transference, Idealise


You were on level 12 of the Dungeon.
You worshipped Hepliaklqana.
Hepliaklqana was extremely pleased with you.
You visited 1 branch of the dungeon, and saw 12 of its levels.
You also visited: Sewer.

You collected 718 gold pieces.
You spent 515 gold pieces at shops.

Inventory:

Hand Weapons
 a - a +0 heavy war axe (weapon)
 K - a +0 broad axe of protection
Missiles
 J - 7 javelins
Armour
 c - a +0 buckler (worn)
 o - a +0 cloak (worn)
 q - the +0 helmet of Daisies (worn) {rElec rCorr Int+3}
   (You took it off Robin on level 2 of the Dungeon)

   Int:       It affects your intelligence (+3).
   rElec:     It insulates you from electricity.
   rCorr:     It protects you from acid and corrosion.
 B - a +2 barding (worn)
 F - the +18 Lear's hauberk
   (You found it on level 6 of the Dungeon)
 G - a +1 plate armour (worn)
 L - a +0 tower shield
 N - a +2 pair of gloves (worn)
Jewellery
 s - a ring of positive energy (right hand)
 t - a +5 ring of evasion (left hand)
 P - an amulet of magic regeneration
Wands
 g - a wand of paralysis (6)
 u - a wand of flame (26)
 E - a wand of digging (7)
 H - a wand of iceblast (2)
Scrolls
 f - 5 scrolls of teleportation
 i - 2 scrolls of blinking
 k - 4 scrolls of fog
 n - 3 scrolls of amnesia
 x - a scroll of immolation
 y - 2 scrolls of vulnerability
 C - a scroll of torment
 D - 2 scrolls of enchant armour
 M - a scroll of magic mapping {unknown}
 O - 2 scrolls of identify
 Q - 2 scrolls of noise {unknown}
Potions
 b - 4 potions of curing
 d - 2 potions of might
 e - a potion of cancellation {unknown}
 h - a potion of attraction
 j - 4 potions of ambrosia
 l - 3 potions of lignification
 m - a potion of invisibility {unknown}
 p - 2 potions of mutation
 r - 3 potions of brilliance
 v - 3 potions of haste
 z - a potion of resistance {unknown}
 A - 4 potions of magic
 I - a potion of flight


   Skills:
 + Level 10.6 Fighting
 + Level 10.4 Axes
 + Level 9.0 Armour
 + Level 9.8 Shields


You had 11 spell levels left.
You didn't know any spells.
Your spell library contained the following spells:

 Spells                   Type           Power      Damage    Failure   Level
 Apportation              Tloc           0%         N/A       99%         1
 Beastly Appendage        Tmut           0%         N/A       99%         1
 Magic Dart               Conj           0%         1d3       99%         1
 Necrotise                Necr           0%         1d4       99%         1
 Summon Small Mammal      Summ           0%         N/A       99%         1
 Blink                    Tloc           0%         N/A       100%        2
 Cigotuvi's Dreadful Rot  Necr/Pois/Air  0%         N/A       100%        2
 Searing Ray              Conj           0%         2d4       100%        2
 Wereblood                Tmut           0%         N/A       100%        2
 Dazzling Flash           Conj/Hex       0%         N/A       100%        3
 Ignite Poison            Fire/Tmut/Pois 0%         N/A       100%        3
 Inner Flame              Hex/Fire       0%         N/A       100%        3
 Spider Form              Tmut/Pois      0%         N/A       100%        3
 Volatile Blastmotes      Fire/Tloc      0%         2d10      100%        3
 Dispel Undead            Necr           0%         3d6       100%        4
 Flame Wave               Conj/Fire      0%         2d4       100%        4
 Fulminant Prism          Conj/Hex       0%         3d5       100%        4
 Iskenderun's Mystic Bla  Conj/Tloc      0%         2d3       100%        4
 Manifold Assault         Tloc           0%         N/A       100%        4
 Sticky Flame             Conj/Fire      0%         2d3       100%        4
 Alistair's Intoxication  Tmut/Pois      0%         N/A       100%        5
 Borgnjor's Vile Clutch   Necr/Erth      0%         N/A       100%        5
 Death Channel            Necr           0%         N/A       100%        6
 Eringya's Noxious Bog    Tmut/Pois      0%         N/A       100%        6
 Starburst                Conj/Fire      0%         6d3       100%        6
 Storm Form               Tmut/Air       0%         N/A       100%        7
 Ignition                 Fire           0%         3d3       100%        8


Dungeon Overview and Level Annotations

Branches:
Dungeon (12/15)            Temple (0/1) D:4            Lair (0/5) D:9
    Orc (0/2) D:11          Sewer (visited)

Altars:
Ashenzari
Cheibriados
Elyvilon
Gozag
Hepliaklqana
Kikubaaqudgha
Makhleb
Nemelex Xobeh
Okawaru
Ru
Wu Jian

Shops:
D:4 (   D:10 [(???

Portals:
Trove: D:10 (give 12 potions of heal wounds)

Annotations:
D:12 Jorgrun


Innate Abilities, Weirdness & Mutations

Your life essence is reduced to manifest your ancestor. (-10% HP)
Your serpentine skin is tough. (AC +4)
You have supernaturally acute eyesight. (SInv)
Armour fits poorly on your strangely shaped body.
Your system is resistant to poisons. (rPois)
You cover ground very slowly.
You can spit poison.
You have a snake-like lower body.


Message History

The grasping roots constrict you!
* * * LOW HITPOINT WARNING * * *
Jorgrun points at you and mumbles some strange words.
You are slowing down.
The grasping roots constrict you!
* * * LOW HITPOINT WARNING * * *
Unknown command.
You feel much better.
The unseen horror stops moving altogether!
The grasping roots constrict you!
You have turned to stone.
Jorgrun says, "Yer just na down-ta-earth enough."
The grasping roots constrict you!
Jorgrun says, "'tis place shall be yer tomb!"
Jorgrun hits you with a staff of earth. The grasping roots constrict you.
* * * LOW HITPOINT WARNING * * *
Jorgrun gestures next to you while chanting.
The wall shatters!
The blast of rock fragments hits the unseen horror!!
The blast of rock fragments hits you but does no damage.
The grasping roots constrict you. Jorgrun hits you but does no damage.
The grasping roots constrict you.
Jorgrun points at you and mumbles some strange words.
You resist with some effort. The grasping roots constrict you.
Jorgrun hits you with a staff of earth.
* * * LOW HITPOINT WARNING * * *
The grasping roots constrict you!
* * * LOW HITPOINT WARNING * * *
The grasping roots release their grip on you.
Jorgrun hits you with a staff of earth. x2
* * * LOW HITPOINT WARNING * * *
You turn to flesh and can move again.
Unknown command.
Unknown command.
You slash Jorgrun!
Jorgrun is almost dead.
Jorgrun gestures at you while chanting. You block the iron shot.
Jorgrun casts a spell at you. The iron shot hits you!!
You die...

..#.....'.........#.......#...#..
..#.....#.........#.......#...#..
..#'##########).###.####+######..
'#...........#..###.###...#......
.#...........#.......#....#......
.#...........#.......#....'......
.#...........#.#.#'###..###......
###'######.###.#.#..##..#####....
#....# #...x.@.......#...'....
#....# #.....g.......'...#....
#....# #.............#...#....
#....# #####..#.#..######.##....
###### #.........########.######
#..$.'...#....#....'....#
#........#....#<...#....#
#........#....#....#....#
#....g...#....'....#....#


You could see Jorgrun and an unseen horror (invisible, petrified).

Vanquished Creatures
  A two-headed ogre (D:11)
  A manticore (D:11)
  3 cyclopes
  A gargoyle (D:11)
  3 unseen horrors
  4 trolls
  Grinder (D:3)
  4 wyverns (D:9)
  5 yaks
  A wraith (D:11)
  An acid dragon (D:12)
  A water moccasin (D:9)
  An ice beast (D:6)
  2 orc warriors (D:7)
  2 black bears
  A centaur (D:10)
  2 phantoms
  2 kobold brigands
  2 bullfrogs
  2 scorpions
  6 wights
  A killer bee (D:10)
  3 howler monkeys
  3 jellies
  2 orc priests
  A sleepcap (D:4)
  Jessica (D:2)
  Ijyb (D:4)
  6 orc wizards
  An iguana (D:5)
  Robin (D:2)
  12 adders
  A gnoll (D:6)
  4 river rats (Sewer)
  A shadow imp (D:5)
  A white imp (D:6)
  An ufetubus (D:7)
  4 worms
  31 orcs
  10 endoplasms
  8 giant cockroaches
  10 goblins
  7 hobgoblins
  7 jackals
  33 kobolds
  7 quokkas
  10 ball pythons
  3 bats
  2 frilled lizards (D:1)
  25 rats
243 creatures vanquished.

Vanquished Creatures (collateral kills)
  Josephine (D:11)
  A fire dragon (D:12)
  Erolcha (D:9)
  A two-headed ogre (D:11)
  A boulder beetle (D:11)
  Urug (D:10)
  Nergalle (D:12)
  An unseen horror (D:10)
  A kobold demonologist (D:10)
  2 trolls
  9 yaks
  A vampire (D:10)
  3 wraiths (D:11)
  A basilisk (D:9)
  A steam dragon (D:6)
  4 water moccasins
  2 orc warriors
  A black bear (D:7)
  An ice beast (D:6)
  An ogre (D:5)
  3 centaurs
  3 kobold brigands
  2 bullfrogs (D:6)
  2 wights (D:8)
  7 killer bees
  A hound (D:5)
  A jelly (D:7)
  3 orc priests
  2 iguanas
  7 orc wizards
  2 gnolls (D:6)
  17 orcs
  A hobgoblin (D:4)
  A jackal (D:5)
  8 kobolds
95 creatures vanquished.

Vanquished Creatures (others)
  2 battlemagi
  An ancestor (D:5)
  A bush (D:6)
  2 fungi (D:9)
  10 plants (D:9)
16 creatures vanquished.

Grand Total: 354 creatures vanquished

Notes
Turn   | Place    | Note
-------+----------+-------------------------------------------
     0 | D:1      | retardedninja the Naga Fighter began the quest for the Orb.
     0 | D:1      | Reached XP level 1. HP: 21/21 MP: 1/1
   134 | D:1      | Reached XP level 2. HP: 22/28 MP: 2/2
  1283 | D:2      | Reached XP level 3. HP: 30/34 MP: 3/3
  1327 | D:2      | Noticed Jessica
  1336 | D:2      | Killed Jessica
  1558 | D:2      | Reached XP level 4. HP: 26/41 MP: 4/4
  1950 | D:2      | Identified the +0 helmet of Daisies {rElec rCorr Int+3}
  1950 | D:2      | Noticed Robin
  1980 | D:2      | Killed Robin
  2372 | D:3      | Reached XP level 5. HP: 50/50 MP: 5/5
  2458 | D:3      | Found a faded altar of an unknown god.
  2570 | D:3      | Found a broken altar of Ashenzari.
  2570 | D:3      | Found an ornate altar of the Wu Jian Council.
  2571 | D:3      | Found a white marble altar of Elyvilon.
  2573 | D:3      | Found an ancient bone altar of Kikubaaqudgha.
  2574 | D:3      | Found a hazy altar of Hepliaklqana.
  2604 | D:3      | Became a worshipper of Hepliaklqana the Forgotten
  2915 | D:3      | Noticed Grinder
  2931 | D:3      | Killed Grinder
  2932 | D:3      | Reached XP level 6. HP: 43/58 MP: 6/6
  3362 | D:4      | Reached XP level 7. HP: 66/66 MP: 7/7
  3368 | D:4      | Noticed Ijyb
  3381 | D:4      | Killed Ijyb
  3480 | D:4      | Found Nysmec's Weapon Shoppe.
  3628 | D:4      | Found a glowing drain.
  3632 | Sewer    | Entered a sewer
  4252 | Sewer    | Reached skill level 5 in Fighting
  4720 | D:4      | Upgraded the game from 0.30-a0-1016-gfb0d676c02 to
                  | 0.30-a0-1053-gbd8d5ba0ad
  4834 | D:4      | Found a staircase to the Ecumenical Temple.
  4967 | D:4      | Reached * piety under Hepliaklqana
  5096 | D:4      | You fall into a shaft and drop 1 floor!
  5096 | D:5      | Entered Level 5 of the Dungeon
  5135 | D:4      | Reached XP level 8. HP: 43/66 MP: 8/8
  5737 | D:5      | Reached skill level 5 in Axes
  5737 | D:5      | Reached skill level 5 in Shields
  6233 | D:5      | Found a sparkling altar of Nemelex Xobeh.
  6685 | D:5      | Found a snail-covered altar of Cheibriados.
  6909 | D:6      | Reached ** piety under Hepliaklqana
  6910 | D:6      | Remembered your ancestor Beorhtric as a battlemage
  6922 | D:6      | Reached skill level 5 in Armour
  7560 | D:6      | Noticed a troll
  7566 | D:6      | Killed a troll
  7567 | D:6      | Reached XP level 9. HP: 43/76 MP: 9/9
  7741 | D:6      | Found the +18 Lear's hauberk
  8556 | D:7      | Reached *** piety under Hepliaklqana
  9209 | D:7      | Found an iron altar of Okawaru.
 10215 | D:8      | Reached XP level 10. HP: 79/84 MP: 10/10
 11268 | D:8      | Paralysed by a wight for 4 turns
 11479 | D:8      | Found a burning altar of Makhleb.
 11881 | D:9      | Reached **** piety under Hepliaklqana
 11980 | D:9      | Found a sacrificial altar of Ru.
 12012 | D:9      | Found an opulent altar of Gozag.
 12495 | D:9      | Found a staircase to the Lair.
 12816 | D:9      | Reached XP level 11. HP: 79/93 MP: 11/11
 13258 | D:9      | Noticed Erolcha
 13264 | D:9      | Killed Erolcha
 13433 | D:10     | Entered Level 10 of the Dungeon
 13435 | D:10     | Reached ***** piety under Hepliaklqana
 13437 | D:10     | Noticed Urug
 13439 | D:10     | Found Muogogesa's Weapon Emporium.
 13445 | D:10     | Killed Urug
 13696 | D:10     | Bought a +0 broad axe for 64 gold pieces
 13763 | D:10     | Found Empocw's Armour Shoppe.
 13817 | D:10     | Found Gymuqi's Magic Scroll Shoppe.
 13893 | D:10     | Bought a scroll of teleportation for 39 gold pieces
 13893 | D:10     | Bought a scroll of teleportation for 39 gold pieces
 13893 | D:10     | Bought a scroll of enchant armour for 97 gold pieces
 13893 | D:10     | Bought a scroll of blinking for 97 gold pieces
 13893 | D:10     | Bought a scroll of identify for 26 gold pieces
 13893 | D:10     | Bought a scroll of teleportation for 39 gold pieces
 13979 | D:10     | Found Reogup's Magic Scroll Emporium.
 14343 | D:10     | Found Qutejigg's Magic Scroll Emporium.
 14351 | D:10     | Bought a scroll of brand weapon for 114 gold pieces
 14366 | D:10     | Found a portal to a secret trove of treasure.
 14771 | D:11     | Noticed a two-headed ogre
 14775 | D:11     | Killed a two-headed ogre
 14832 | D:11     | Noticed a two-headed ogre
 14836 | D:11     | Killed a two-headed ogre
 14892 | D:11     | Noticed a manticore
 14899 | D:11     | Killed a manticore
 14914 | D:11     | Noticed a cyclops
 14914 | D:11     | Noticed Josephine
 15384 | D:11     | Noticed a boulder beetle
 15390 | D:11     | Killed a boulder beetle
 15460 | D:11     | Found a staircase to the Orcish Mines.
 15500 | D:11     | Killed a cyclops
 15501 | D:11     | Reached skill level 10 in Fighting
 15587 | D:11     | Killed Josephine
 15588 | D:11     | Reached XP level 12. HP: 77/104 MP: 12/12
 15725 | D:11     | Reached skill level 10 in Axes
 16204 | D:12     | Noticed Nergalle
 16212 | D:12     | Killed Nergalle
 16279 | D:12     | Noticed a fire dragon
 16286 | D:12     | Killed a fire dragon
 16956 | D:12     | Noticed Jorgrun
 16995 | D:12     | Killed from afar by Jorgrun

Illustrated notes

Levels and vault maps discovered:
D:1:      onia_arrival_mini_maze, layout_loops_corners
D:2:      layout_basic, uniq_robin, uniq_jessica
D:3:      minmay_skewed_foursquare, layout_rooms, grunt_temple_overflow_open,
          ebering_ecumenical_altar_box, uniq_grinder
D:4:      layout_gridville, minmay_temple_entry_poolview,
          gup_sewer_entry_spiral, serial_shops, shop_statue,
          grunt_decor_arrowhead, minmay_close_crescents, uniq_ijyb
D:5:      cheibrodos_helix_gallery, layout_loops_ring,
          mainiacjoe_overflow_alcove_1, mainiacjoe_overflow_small_starburst,
          kennysheep_small_square
D:6:      layout_gridville, minmay_misc_feat_four_crosses,
          kb_lookout_dungeons_type, kennysheep_small_spiral,
          minmay_misc_feat_encased, hellmonk_guarded_unrand_lears
D:7:      layout_cave_pods, marbit_many_paths
D:8:      layout_gridville, old_standard_altar, hex_tiny
D:9:      layout_loops_cross, mainiacjoe_overflow_cross_hatched,
          general_overflow_altar, minmay_lair_entry_grove,
          serial_co_window_serial, co_window_corner_a, co_window_paths_a,
          co_window_paths_b, co_window_paths_a, co_window_cross_1,
          co_window_cross_4, co_window_corner_b, co_window_broadway_a,
          co_window_cross_3, co_window_corner_ca, co_window_paths_c,
          glass_columns_c, glass_columns_a, kennysheep_path_1, uniq_erolcha
D:10:     layout_grid_maze, nicolae_trove_entry_columns, serial_shops, shop,
          shop, nicolae_shop_stone, nicolae_inconvenience_store,
          nicolae_shop_competitors_out_of_business, uniq_urug
D:11:     layout_basic, orc_0_dummy, uniq_josephine
D:12:     layout_gridville, uniq_jorgrun, uniq_nergalle

Skill      XL: |  1  2  3  4  5  6  7  8  9 10 11 12 |
---------------+-------------------------------------+-----
Shields        | 3 4 5 6 8 9 |  9.8
Armour         | 3 4 5 6 7 8 9 |  9.0
Axes           | 3 4 6 7 8 9 10 | 10.4
Fighting       | 4 5 6 7 8 10 | 10.6

Action                     |  1- 3 |  4- 6 |  7- 9 | 10-12 || total
---------------------------+-------+-------+-------+-------++-------
  Melee: War axe           |    76 |   161 |   321 |   184 ||   742
 Invoke: Ancestor Life: Ba |       |       |     1 |       ||     1
         Recall Ancestor   |       |       |       |     1 ||     1
Ability: Spit Poison       |     2 |       |       |     1 ||     3
  Evoke: Wand              |       |       |       |     9 ||     9
    Use: Scroll            |     2 |     1 |    16 |     6 ||    25
         Potion            |       |     1 |       |     8 ||     9
   Stab: Distracted        |       |       |       |     4 ||     4
 Armour: Scale mail        |    11 |       |       |       ||    11
         Chain mail        |    49 |    95 |   206 |       ||   350
         Plate armour      |       |       |    50 |   217 ||   267
  Dodge: Dodged            |    23 |    46 |   143 |    94 ||   306
  Block: Buckler           |     9 |    40 |    93 |    72 ||   214

Table legend: (Time is in decaauts)
 A = Elapsed time spent in this place.
 B = Non-inter-level travel time spent in this place.
 C = Inter-level travel time spent in this place.
 D = Time resting spent in this place.
 E = Time spent auto-exploring this place.
 F = Levels seen in this place.
 G = Mean time per level.
                   A        B        C        D        E       F      G
               +--------+--------+--------+--------+--------+-----+--------+
         Total |  20733 |  19932 |    801 |   5572 |  11663 |  13 | 1594.8 |
       Dungeon |  19482 |  18681 |    801 |   5019 |  11188 |  12 | 1623.5 |
         Sewer |   1250 |   1250 |      0 |    553 |    474 |   1 | 1250.0 |
               +--------+--------+--------+--------+--------+-----+--------+

Top non-repeatable levels by time:
     D:7: 3195 daAuts
    D:10: 2131 daAuts
     D:9: 2036 daAuts
     D:5: 1608 daAuts
     D:1: 1607 daAuts
     D:6: 1532 daAuts
     D:4: 1496 daAuts
     D:2: 1451 daAuts
    D:12: 1268 daAuts
   Sewer: 1250 daAuts
     D:3: 1190 daAuts
    D:11: 996 daAuts
     D:8: 968 daAuts
